 Dungeon Crawl Stone Soup version 0.28.0-43-g3370ac3207 (webtiles) character file.

Game seed: 6003848279932841760

6370 terff the Skirmisher (level 11, -1/86 HPs)
             Began as a Human Fighter on Mar 30, 2022.
             Was an Elder of Okawaru.
             Slain by a two-headed ogre
             ... wielding a +0 giant club
              (21 damage)
             ... on level 8 of the Dungeon.
             The game lasted 00:20:47 (11945 turns).

terff the Skirmisher (Human Fighter)               Turns: 11945, Time: 00:20:47

Health: -1/86      AC: 14    Str: 17    XL:     11   Next: 17%
Magic:  9/9        EV: 12    Int:  8    God:    Okawaru [****..]
Gold:   457        SH:  6    Dex: 17    Spells: 10/10 levels left

rFire   . . .      SeeInvis .   s - +3 long sword (freeze)
rCold   . . .      Faith    .   c - +1 buckler
rNeg    . . .      Spirit   .   j - +1 ring mail {rPois}
rPois   +          Reflect  .   g - +1 helmet
rElec   .          Harm     .   o - +2 cloak
rCorr   .          Rampage  .   (no gloves)
Will    .....      Clarity  +   a - +0 pair of boots
Stlth   ++........              (no amulet)
HPRegen 0.24/turn               (no ring)
MPRegen 0.11/turn               (no ring)

@: no status effects
A: clarity, low MP 1
a: Renounce Religion, Heroism, Finesse


You were on level 8 of the Dungeon.
You worshipped Okawaru.
Okawaru was greatly pleased with you.
You visited 2 branches of the dungeon, and saw 10 of its levels.

You collected 457 gold pieces.

Inventory:

Hand Weapons
 n - a +3 quarterstaff of chaos
 s - a +3 long sword of freezing (weapon)
Armour
 a - a +0 pair of boots (worn)
 c - a +1 buckler (worn)
 g - a +1 helmet (worn)
 j - a +1 ring mail of poison resistance (worn)
 o - a +2 cloak (worn)
 r - a +0 troll leather armour
Magical Staves
 t - a staff of air
Jewellery
 h - a ring of wizardry
Wands
 k - a wand of digging (3)
 u - a wand of flame (17)
 w - a wand of iceblast (10)
Scrolls
 d - 4 scrolls of teleportation
 i - a scroll of identify
Potions
 b - a potion of haste
 e - 4 potions of curing
 f - a potion of flight
 l - a potion of berserk rage
 m - 3 potions of might
 p - 3 potions of degeneration
 q - a potion of magic
 v - a potion of heal wounds


   Skills:
 * Level 7.9 Fighting
 + Level 6.6 Long Blades
 + Level 6.6 Axes
 - Level 6.0 Staves
 + Level 7.5 Armour
 + Level 4.7 Dodging
 + Level 2.3 Stealth
 + Level 4.3 Shields


You had 10 spell levels left.
You didn't know any spells.
Your spell library contained the following spells:

 Spells                   Type           Power      Damage    Failure   Level
 Freeze                   Ice            0%         1d3       67%         1
 Frozen Ramparts          Ice            0%         1d2       96%         3
 Hailstorm                Conj/Ice       0%         3d3       100%        4
 Chain Lightning          Conj/Air       0%         N/A       100%        9
 Fire Storm               Conj/Fire      0%         5d1       100%        9
 Shatter                  Erth           0%         3d5*      100%        9


Dungeon Overview and Level Annotations

Branches:
Dungeon (9/15)             Temple (1/1) D:5            Lair (0/6) D:8
    Orc: D:9-12

Altars:
Ashenzari
Cheibriados
Dithmenos
Elyvilon
Gozag
Hepliaklqana
Kikubaaqudgha
Makhleb
Okawaru
Qazlal
Ru
Sif Muna
Trog
Uskayaw
Vehumet
Wu Jian
Xom
Yredelemnul
Zin
The Shining One

Shops:
D:1 [   D:4 :


Innate Abilities, Weirdness & Mutations

You possess an exceptional clarity of mind.
Your magical capacity is low. (-10% MP)


Message History

You see here a hornet corpse.
There is a stone staircase leading up here.
You climb upwards.
There is a stone staircase leading down here.
HP restored.
Done exploring.
You climb downwards.
There is a stone staircase leading up here.
There is a stone staircase leading up here.
The two-headed ogre closely misses you. You block the two-headed ogre's attack.
You climb upwards.
There is a stone staircase leading down here.
You hit the two-headed ogre. You freeze the two-headed ogre.
The two-headed ogre is lightly wounded.
The two-headed ogre hits you with a +0 giant club!
You block the two-headed ogre's attack.
You hit the two-headed ogre. You freeze the two-headed ogre.
The two-headed ogre is lightly wounded.
You hit the two-headed ogre. You freeze the two-headed ogre.
The two-headed ogre is lightly wounded.
You block the two-headed ogre's attack. The two-headed ogre closely misses you.
You barely miss the two-headed ogre.
The two-headed ogre is lightly wounded.
You block the two-headed ogre's attack. The two-headed ogre barely misses you.
You barely miss the two-headed ogre.
The two-headed ogre is lightly wounded.
The two-headed ogre hits you with a +0 giant club! x2
You slash the two-headed ogre! You freeze the two-headed ogre.
The two-headed ogre is moderately wounded.
The two-headed ogre hits you with a +0 giant club!
The two-headed ogre hits you with a +0 giant club.
You slash the two-headed ogre! You freeze the two-headed ogre.
The two-headed ogre is heavily wounded.
The two-headed ogre hits you with a +0 giant club!
* * * LOW HITPOINT WARNING * * *
You block the two-headed ogre's attack.
You barely miss the two-headed ogre.
The two-headed ogre is heavily wounded.
The two-headed ogre hits you with a +0 giant club!!
You die...

########### #..........
### #.########. ##.##
#.# #. #####.#.###.# ##
#....###....#########
##...## ##............
##...#O###.###########.
#.....@[#...# #.
#....###)##.# #. #...##
####.# #. #...# #.# ##.
#...# #.#########..
#...#######............
#............########<.
##..########.# ##รท
#..# #..# ###.


You could see a two-headed ogre.

Vanquished Creatures
  A cyclops (D:7)
  Joseph (D:8)
  Maggie (D:6)
  A troll (D:6)
  A hornet (D:9)
  A spriggan (shapeshifter) (D:5)
  A yak (D:8)
  A wyvern (D:7)
  A hog (shapeshifter) (D:5)
  A basilisk (D:8)
  Menkaure (D:4)
  An acid dragon (D:8)
  A water moccasin (D:6)
  Duvessa (D:5)
  2 hornet zombies
  2 ice beasts (D:7)
  3 black bears
  An orc warrior (D:7)
  2 sky beasts
  2 necrophages
  3 centaurs
  5 ogres
  2 phantoms
  A kobold brigand (D:8)
  4 bullfrogs
  Blork the orc (D:4)
  A water moccasin zombie (D:7)
  2 scorpions
  Dowan (D:5)
  A howler monkey (D:7)
  6 wights
  A bullfrog zombie (D:6)
  5 centaur zombies
  Crazy Yiuf (D:4)
  2 bullfrog skeletons
  2 orc priests
  4 hounds
  A gnoll shaman (D:5)
  4 iguanas
  A centaur skeleton (D:5)
  3 orc wizards
  Natasha (thrice) (D:4)
  2 hound skeletons (D:4)
  3 howler monkey zombies
  Robin (D:4)
  A howler monkey skeleton (D:5)
  4 adders
  6 gnolls
  An ufetubus (D:7)
  2 worms (D:2)
  2 dart slugs
  21 orcs
  11 endoplasms
  7 giant cockroaches
  12 goblins
  9 hobgoblins
  12 jackals
  2 quokkas (D:1)
  6 ball pythons
  4 bats
  12 kobolds
  A quokka skeleton (D:4)
  9 rats
208 creatures vanquished.

Vanquished Creatures (others)
  4 plants (D:1)
4 creatures vanquished.

Grand Total: 212 creatures vanquished

Notes
Turn   | Place    | Note
-------+----------+-------------------------------------------
     0 | D:1      | terff the Human Fighter began the quest for the Orb.
     0 | D:1      | Reached XP level 1. HP: 18/18 MP: 1/1
     1 | D:1      | Found a runed translucent door.
    40 | D:1      | Reached XP level 2. HP: 18/24 MP: 2/2
   236 | D:1      | Reached XP level 3. HP: 28/29 MP: 3/3
   429 | D:1      | Found Osmuu's Antique Armour Shop.
   592 | D:1      | Found a faded altar of an unknown god.
   869 | D:1      | Reached XP level 4. HP: 35/35 MP: 4/4
  1264 | D:2      | Found a sacrificial altar of Ru.
  1663 | D:2      | Reached XP level 5. HP: 17/41 MP: 5/5
  3007 | D:4      | Noticed Robin
  3023 | D:4      | Killed Robin
  3117 | D:4      | Noticed a sky beast
  3134 | D:4      | Killed a sky beast
  3135 | D:4      | Reached XP level 6. HP: 26/48 MP: 6/6
  3474 | D:4      | Noticed Natasha
  3481 | D:4      | Killed Natasha
  3482 | D:4      | Reached skill level 5 in Axes
  3482 | D:4      | Noticed Natasha
  3490 | D:4      | Killed Natasha
  3491 | D:4      | Reached XP level 7. HP: 42/54 MP: 7/7
  3610 | D:4      | Noticed Menkaure
  3790 | D:4      | Killed Menkaure
  3795 | D:4      | Noticed Blork the orc
  3803 | D:4      | Killed Blork the orc
  3854 | D:4      | Noticed Natasha
  4057 | D:4      | Killed Natasha
  4087 | D:4      | Reached XP level 8. HP: 59/61 MP: 8/8
  4252 | D:4      | Found a runed translucent door.
  4253 | D:4      | Noticed Crazy Yiuf
  4259 | D:4      | Killed Crazy Yiuf
  4335 | D:4      | Found Zaset's Book Boutique.
  4418 | D:5      | Entered Level 5 of the Dungeon
  4461 | D:5      | Noticed Dowan
  4461 | D:5      | Noticed Duvessa
  4476 | D:5      | Killed Dowan
  4484 | D:5      | HP: 3/61 [Duvessa/+2 rapier of flaming (9)]
  4484 | D:5      | HP: 1/61 [Duvessa/+2 rapier of flaming (2)]
  4487 | D:5      | Killed Duvessa
  4488 | D:5      | Reached skill level 5 in Armour
  4488 | D:5      | Reached skill level 1 in Dodging
  4743 | D:5      | Noticed a shapeshifter
  4743 | D:5      | a gnoll changed into a shapeshifter
  4743 | D:5      | a shapeshifter changed into something unseen
  4754 | D:5      | Noticed an unseen horror
  4754 | D:5      | Noticed a spriggan
  4754 | D:5      | an unseen horror changed into a spriggan
  4755 | D:5      | Killed a spriggan
  4756 | D:5      | Reached skill level 5 in Fighting
  4756 | D:5      | Reached skill level 1 in Staves
  5380 | D:5      | Reached XP level 9. HP: 68/68 MP: 9/9
  5543 | D:5      | Gained mutation: Your magical capacity is low. (-10% MP)
                  | [potion of mutation]
  5543 | D:5      | Gained mutation: You possess an exceptional clarity of
                  | mind. [potion of mutation]
  5550 | D:5      | Found a staircase to the Ecumenical Temple.
  5612 | Temple   | Entered the Ecumenical Temple
  5977 | Temple   | Became a worshipper of Warmaster Okawaru
  6002 | D:5      | Reached skill level 1 in Stealth
  6256 | D:6      | Reached skill level 5 in Staves
  6428 | D:6      | Noticed a troll
  6440 | D:6      | Killed a troll
  6440 | D:6      | Reached * piety under Okawaru
  7365 | D:6      | Reached skill level 1 in Long Blades
  7721 | D:6      | Reached XP level 10. HP: 76/76 MP: 9/9
  8147 | D:7      | Noticed Maggie
  8162 | D:6      | Killed Maggie
  9153 | D:7      | Reached ** piety under Okawaru
  9547 | D:7      | Noticed a cyclops
  9575 | D:7      | Killed a cyclops
  9904 | D:7      | Reached skill level 5 in Long Blades
 10019 | D:7      | Reached *** piety under Okawaru
 10909 | D:8      | Found a staircase to the Lair.
 11040 | D:8      | Reached XP level 11. HP: 76/84 MP: 9/9
 11079 | D:8      | Noticed Joseph
 11094 | D:8      | Killed Joseph
 11837 | D:9      | Reached **** piety under Okawaru
 11846 | D:9      | Noticed a two-headed ogre
 11945 | D:8      | Slain by a two-headed ogre

Illustrated notes

Levels and vault maps discovered:
D:1:      dpeg_arrival_caged_fury, layout_loops_corners, serial_shops,
          nicolae_shop_overgrown_old_shop,
          shapermc_ecumenical_altar_mp_urbaneastern, solitary_fountain
D:2:      layout_basic, basic_altar
D:3:      layout_basic
D:4:      layout_basic, serial_shops, shop, uniq_menkaure,
          uniq_crazy_yiuf_cottage, uniq_robin, uniq_blork_the_orc, uniq_natasha
D:5:      layout_rooms, minmay_temple_entry_statues, minivault_23, uniq_duvessa
D:6:      layout_basic, roderic_roman_lattice, nicolae_underground_beach
D:7:      cheibrodos_barr_body, layout_loops_cross, minmay_misc_feat_alley,
          uniq_maggie
D:8:      layout_loops_ring, david_lair_generic, kennysheep_potato, uniq_joseph
D:9:      layout_basic, amethyst_overflow_temple_binary, david_orc_2,
          hangedman_decor_push
Temple:   regret_index_temple_chain_breaker

Skill      XL: |  1  2  3  4  5  6  7  8  9 10 11 |
---------------+----------------------------------+-----
Axes           | 3 4 5 6 |  6.6
Fighting       | 4 5 6 7 |  7.9
Armour         | 4 5 6 7 |  7.5
Shields        | 4 |  4.3
Dodging        | 1 3 4 |  4.7
Staves         | 2 6 |  6.0
Stealth        | 1 2 |  2.3
Long Blades    | 1 5 6 |  6.6

Action                   |  1- 3 |  4- 6 |  7- 9 | 10-12 || total
-------------------------+-------+-------+-------+-------++-------
Melee: War axe           |    84 |   170 |    36 |       ||   290
       Quarterstaff      |       |       |   163 |       ||   163
       Long sword        |       |       |    40 |   334 ||   374
       Punch             |       |       |       |     5 ||     5
  Use: Scroll            |       |     6 |     5 |     4 ||    15
       Potion            |       |       |     3 |       ||     3
 Stab: Confused          |       |       |     2 |       ||     2
       Sleeping          |       |       |       |     1 ||     1
Armor: Scale mail        |    50 |    44 |       |       ||    94
       Plate armour      |       |    79 |    43 |       ||   122
       Ring mail         |       |       |   143 |   208 ||   351
Dodge: Dodged            |    46 |    53 |   157 |   274 ||   530
Block: Buckler           |    23 |    53 |     9 |    40 ||   125
